 Dungeon Crawl Stone Soup version 0.26.0-41-g79a4fc7684 (webtiles) character file.

Game seed: 5671508401453909606

118588 roke1 the Fencer (level 16, -19/88 HPs)
             Began as a Vine Stalker Gladiator on Jan 26, 2021.
             Was a Believer of Uskayaw.
             Demolished by an Ice Fiend (20 damage)
             ... in an ice cave.
             The game lasted 01:27:51 (25463 turns).

roke1 the Fencer (Vine Stalker Gladiator)          Turns: 25463, Time: 01:27:52

Health: -19/88     AC: 20    Str: 18    XL:     16   Next: 77%
Magic:  0/25       EV: 11    Int: 13    God:    Uskayaw [**....]
Gold:   361        SH: 10    Dex: 17    Spells: 15/15 levels left

rFire    + + .     SeeInvis .   J - +5 double sword (flame)
rCold    + . .     Faith    .   m - +0 kite shield
rNeg     . . .     Spirit   +   l - +0 chain mail
rPois    +         Reflect  .   F - +2 helmet
rElec    .         Harm     .   k - +0 cloak
rCorr    .         Rampage  .   e - +1 pair of gloves
Will     ++...                  i - +0 pair of boots
Stlth    ..........             X - amulet "Tuxoevo" {rF++ Regen+}
HPRegen  1.44/turn              I - ring of poison resistance
MPRegen  0.19/turn              c - ring of Qoalapoha {+Fly rC+}

@: no status effects
A: fangs 3, regeneration 2, magic shield, antimagic bite, no potion heal 3
a: Renounce Religion, Evoke Flight, Stomp, Line Pass


You were in an ice cave.
You worshipped Uskayaw.
Uskayaw was aware of your devotion.
You visited 5 branches of the dungeon, and saw 26 of its levels.
You also visited: Ice Cave.

You collected 2590 gold pieces.
You spent 2229 gold pieces at shops.

Inventory:

Hand Weapons
 J - a +5 double sword of flaming (weapon)
Missiles
 d - 4 throwing nets (quivered)
Armour
 e - a +1 pair of gloves (worn)
 i - a +0 pair of boots (worn)
 k - a +0 cloak (worn)
 l - a +0 chain mail (worn)
 m - a +0 kite shield (worn)
 w - a +2 leather armour of fire resistance
 F - a +2 helmet (worn)
Jewellery
 c - the ring of Qoalapoha (right hand) {+Fly rC+}
   (You found it in an ice cave)

   [ring of flight]

   It protects you from cold.
   It lets you fly.
 B - a +6 ring of intelligence
 I - a ring of poison resistance (left hand)
 L - an uncursed ring of see invisible
 N - an uncursed ring of flight
 P - an uncursed ring of protection from cold
 W - an uncursed ring of willpower
 X - the amulet "Tuxoevo" (around neck) {rF++ Regen+}
   (You bought it in a shop on level 2 of the Orcish Mines)

   [amulet of regeneration]

   It greatly protects you from fire.
   It increases your rate of regeneration.
Wands
 q - a wand of polymorph (9)
 t - a wand of iceblast (22)
 u - a wand of paralysis (12)
 x - a wand of disintegration (12)
 C - a wand of random effects (25)
 D - a wand of flame (42)
 G - a wand of acid (7)
 H - a wand of enslavement (2)
Scrolls
 f - 2 scrolls of amnesia
 g - 11 scrolls of teleportation
 v - 8 scrolls of magic mapping
 y - 3 scrolls of blinking
 z - 2 scrolls of immolation
 E - 2 scrolls of enchant armour
 M - 2 scrolls of brand weapon
 O - 2 scrolls of remove curse
 R - 2 scrolls of vulnerability
 S - a scroll of fear
 T - a scroll of holy word
 U - a scroll of fog
Potions
 a - a potion of magic
 b - 3 potions of berserk rage
 h - 6 potions of attraction
 j - 7 potions of haste
 n - 2 potions of cancellation
 o - 4 potions of brilliance
 p - 4 potions of mutation
 r - 3 potions of flight
 s - 12 potions of curing
 K - a potion of might
 Q - a potion of invisibility
 V - a potion of lignification


   Skills:
 + Level 11.7 Fighting
 * Level 15.8 Long Blades
 - Level 1.7 Throwing
 - Level 10.1 Armour
 + Level 10.4 Dodging
 * Level 4.5 Shields
 + Level 11.1 Invocations


You had 15 spell levels left.
You didn't know any spells.
Your spell library contained the following spells:

 Spells                   Type           Power        Failure   Level
 Apportation              Tloc           0%           100%        1
 Beastly Appendage        Tmut           0%           100%        1
 Foxfire                  Conj/Fire      0%           100%        1
 Freeze                   Ice            0%           100%        1
 Sandblast                Erth           0%           100%        1
 Summon Small Mammal      Summ           0%           100%        1
 Call Imp                 Summ           0%           100%        2
 Passwall                 Tmut/Erth      0%           100%        2
 Wereblood                Tmut           0%           100%        2
 Call Canine Familiar     Summ           0%           100%        3
 Conjure Flame            Conj/Fire      0%           100%        3
 Frozen Ramparts          Ice            0%           100%        3
 Inner Flame              Hex/Fire       0%           100%        3
 Lesser Beckoning         Tloc           0%           100%        3
 Ozocubu's Armour         Ice            0%           100%        3
 Spider Form              Tmut/Pois      0%           100%        3
 Stone Arrow              Conj/Erth      0%           100%        3
 Summon Guardian Golem    Hex/Summ       0%           100%        3
 Tukima's Dance           Hex            0%           100%        3
 Cause Fear               Hex            0%           100%        4
 Hailstorm                Conj/Ice       0%           100%        4
 Ice Form                 Ice/Tmut       0%           100%        4
 Petrify                  Tmut/Erth      0%           100%        4
 Sticky Flame             Conj/Fire      0%           100%        4
 Summon Ice Beast         Ice/Summ       0%           100%        4
 Summon Lightning Spire   Summ/Air       0%           100%        4
 Alistair's Intoxication  Tmut/Pois      0%           100%        5
 Blade Hands              Tmut           0%           100%        5
 Fireball                 Conj/Fire      0%           100%        5
 Irradiate                Conj/Tmut      0%           100%        5
 Lee's Rapid Deconstruct  Erth           0%           100%        5
 Silence                  Hex/Air        0%           100%        5
 Yara's Violent Unravell  Hex/Tmut       0%           100%        5
 Hydra Form               Tmut           0%           100%        6
 Invisibility             Hex            0%           100%        6
 Statue Form              Tmut/Erth      0%           100%        6
 Dragon Form              Tmut           0%           100%        7
 Discord                  Hex            0%           100%        8


Dungeon Overview and Level Annotations

Branches:
Dungeon (15/15)            Temple (1/1) D:6            Lair (6/6) D:10
  Swamp (2/4) Lair:2        Snake (0/4) Lair:4        Slime (0/5) Lair:6
    Orc (2/2) D:10            Elf (0/3) Orc:2        Vaults (0/5) D:14
 Depths (0/5) D:15          IceCv (1/1)

Altars:
Ashenzari
Cheibriados
Dithmenos
Elyvilon
Fedhas
Gozag
Hepliaklqana
Kikubaaqudgha
Makhleb
Nemelex Xobeh
Okawaru
Qazlal
Ru
Sif Muna
Trog
Uskayaw
Vehumet
Wu Jian
Xom
Yredelemnul
Zin
The Shining One
Beogh

Shops:
D:7 ?   D:15 [   Orc:1 ?   Orc:2 ((}=[:!

Portals:
Trove: D:12 (give 7 scrolls of blinking)

Annotations:
D:3 3 runed translucent doors, canine's ghost, weakling GnDe
D:4 3 runed translucent doors, thiole's ghost, amateur OpWz
D:7 3 runed translucent doors, howech's ghost, novice MiGl
D:10 2 runed translucent doors, 2 transporters, hawla's ghost, novice DrCj


Innate Abilities, Weirdness & Mutations

You have razor-sharp teeth.
You heal very quickly.
When hurt, damage is shared between your health and your magic reserves.
Your bite disrupts and absorbs the magic of your enemies.
Potions cannot restore your health.


Message History

Your body is wracked with pain!
You slash the Ice Fiend! You burn the Ice Fiend!
You bite the Ice Fiend, but do no damage.
The Ice Fiend is moderately wounded.
You can now pass through a line of other dancers.
You slice the Ice Fiend!! You burn the Ice Fiend. You bite the Ice Fiend.
The Ice Fiend's magic leaks into the air.
You drain its magic.
You feel invigorated.
The Ice Fiend is heavily wounded.
You block the Ice Fiend's attack. The Ice Fiend closely misses you.
You closely miss the Ice Fiend. Your bite misses the Ice Fiend.
The Ice Fiend is heavily wounded.
The Ice Fiend claws you!
* * * LOW HITPOINT WARNING * * *
The Ice Fiend freezes you! You resist.
* * * LOW HITPOINT WARNING * * *
The Ice Fiend claws you!
* * * LOW HITPOINT WARNING * * *
The Ice Fiend freezes you!! You resist.
You die...

#4# #°## ##4#
##○# #..# #°##
#Z## ##1###
#@#○## #.°..#
##.#°## ≈≈≈#
#☼###.# ≈≈≈≈≈
#§.##§##≈≈#≈#
##.#..#≈≈≈≈≈#
##.##.##≈≈≈#≈≈
#
##.##.≈#≈#≈≈≈≈≈
##
#.###≈#≈≈≈≈≈≈#
##§


You could see an Ice Fiend (corroded) and a four-headed hydra simulacrum.

Vanquished Creatures
  Gastronok (Lair:2)
  Kirke (D:14)
  Donald (Swamp:1)
  A stone giant (Orc:2)
  Nessos (D:12)
  The ghost of Nutum the Martial Artist, a journeyman OpTm of Okawaru (Lair:6)
  Snorg (D:12)
  Fannar (D:12)
  4 catoblepae
  8 hydras
  7 boulder beetles
  A centaur warrior (D:15)
  10 two-headed ogres
  2 alligators (Swamp:1)
  A tengu warrior (D:14)
  5 death yaks (Lair:6)
  6 orc high priests
  An ogre mage (D:15)
  Sonja (Lair:5)
  2 spriggan druids (Swamp:1)
  A goliath frog (Swamp:1)
  A bog body (Lair:2)
  2 unseen horrors (D:13)
  A swamp dragon (Lair:2)
  4 orc knights
  Pikel (D:6)
  A wolf spider zombie (D:15)
  4 deep elf magi
  3 orc sorcerers (Orc:1)
  3 ugly things
  4 oklob plants
  14 elephants
  A cyclops (D:10)
  2 manticores (Lair:6)
  3 naga magi (D:15)
  An ice statue (IceCv)
  Maggie (Lair:1)
  2 gargoyles (D:15)
  5 black mambas
  3 kobold demonologists
  A rime drake (Lair:4)
  11 cane toads
  4 yaktaurs (D:15)
  14 komodo dragons
  5 anaconda simulacra (IceCv)
  2 golden dragon simulacra (IceCv)
  7 ice devils (IceCv)
  2 freezing wraiths (IceCv)
  A tengu conjurer (D:15)
  5 trolls
  2 polar bears
  12 blink frogs
  A harpy skeleton (D:15)
  3 tyrant leeches
  9 slime creatures
  A meliai zombie (D:15)
  25 dream sheep
  68 yaks
  2 wyverns
  A spriggan (D:9)
  A shadow (D:11)
  2 vampires
  3 wraiths
  3 hogs
  Eustachio (D:5)
  8 basilisks
  4 vampire mosquitoes (D:14)
  2 death yak simulacra (IceCv)
  Menkaure (D:5)
  2 harpy simulacra (IceCv)
  7 swamp worms
  3 wargs
  2 acid dragons
  A soldier ant (D:15)
  2 hydra simulacra (IceCv)
  An iron troll simulacrum (IceCv)
  3 nagas (Lair:4)
  10 water moccasins
  2 swamp drakes (Swamp:1)
  42 orc warriors
  8 ice beasts
  7 sky beasts
  6 black bears
  2 necrophages
  18 ogres
  31 wolves
  A phantom (D:11)
  10 centaurs
  3 big kobolds
  22 bullfrogs
  A wyvern zombie (D:10)
  4 scorpions
  8 killer bees
  12 wights
  3 electric eels (D:10)
  4 howler monkeys
  2 centaur zombies
  2 draconian simulacra (IceCv)
  A quasit (D:10)
  5 centaur skeletons
  6 jellies
  42 orc priests
  13 hounds
  16 orc wizards
  3 bullfrog skeletons
  Jessica (D:3)
  7 iguanas
  4 hell rats (Lair:4)
  3 spriggan simulacra (IceCv)
  10 worker ants
  3 troll simulacra (IceCv)
  A wolf simulacrum (IceCv)
  3 hound skeletons
  A howler monkey zombie (D:10)
  A worker ant zombie (D:7)
  3 gnolls
  14 adders
  7 river rats (Lair:4)
  2 shadow imps
  6 white imps
  10 ufetubi
  3 oozes
  An adder zombie (D:8)
  6 worms
  2 dart slugs (D:2)
  4 leopard geckos
  94 orcs
  10 bats
  5 giant cockroaches
  13 goblins
  5 hobgoblins
  11 jackals
  2 quokkas
  5 frilled lizards
  A jackal skeleton (D:8)
  17 kobolds
  A quokka zombie (D:6)
  15 rats
890 creatures vanquished.

Vanquished Creatures (others)
  An orc priest (Orc:1)
  A white imp (IceCv)
  2 orcs (Orc:1)
  21 fungi
  49 plants
  2 withered plants (Lair:6)
76 creatures vanquished.

Grand Total: 966 creatures vanquished

Notes
Turn   | Place    | Note
-------+----------+-------------------------------------------
     0 | D:1      | roke1 the Vine Stalker Gladiator began the quest for the
                  | Orb.
     0 | D:1      | Reached XP level 1. HP: 11/11 MP: 2/2
   106 | D:1      | Reached XP level 2. HP: 15/15 MP: 3/3
   143 | D:1      | Reached skill level 3 in Long Blades
   695 | D:2      | Reached XP level 3. HP: 18/18 MP: 4/4
  1055 | D:2      | Reached skill level 1 in Armour
  1055 | D:2      | Gained mutation: Your natural rate of healing is unusually
                  | fast. [Vine Stalker growth]
  1055 | D:2      | Reached XP level 4. HP: 23/23 MP: 5/5
  1483 | D:3      | Reached XP level 5. HP: 27/27 MP: 6/6
  1499 | D:3      | Noticed Jessica
  1563 | D:3      | Killed Jessica
  1569 | D:3      | Reached skill level 4 in Long Blades
  1668 | D:3      | Found a runed translucent gate.
  1668 | D:3      | Found an opulent altar of Gozag.
  1669 | D:3      | Found a runed translucent gate.
  1671 | D:3      | Found a runed translucent gate.
  1672 | D:3      | Noticed a centaur
  1672 | D:3      | Noticed canine's ghost (weakling GnDe)
  1811 | D:3      | Noticed a centaur
  1816 | D:3      | Killed a centaur
  1817 | D:3      | Reached XP level 6. HP: 26/32 MP: 7/7
  2105 | D:4      | Reached XP level 7. HP: 36/36 MP: 8/8
  2396 | D:4      | Found a runed translucent gate.
  2396 | D:4      | Found a runed translucent gate.
  2396 | D:4      | Found a runed translucent gate.
  2396 | D:4      | Noticed thiole's ghost (amateur OpWz)
  2446 | D:5      | Entered Level 5 of the Dungeon
  2465 | D:5      | Noticed Eustachio
  2483 | D:5      | Reached skill level 5 in Long Blades
  2521 | D:5      | Killed Eustachio
  2769 | D:5      | Gained mutation: You have razor-sharp teeth. [Vine Stalker
                  | growth]
  2769 | D:5      | Reached XP level 8. HP: 42/42 MP: 9/9
  2832 | D:5      | Reached skill level 6 in Long Blades
  3055 | D:5      | Noticed Menkaure
  3083 | D:5      | Killed Menkaure
  3561 | D:6      | Noticed a yak
  3747 | D:6      | Killed a yak
  3748 | D:6      | Reached skill level 7 in Long Blades
  3748 | D:6      | Reached XP level 9. HP: 28/46 MP: 5/10
  3753 | D:6      | Reached skill level 5 in Fighting
  3905 | D:6      | Reached skill level 5 in Dodging
  3957 | D:6      | Found a staircase to the Ecumenical Temple.
  3966 | Temple   | Entered the Ecumenical Temple
  4207 | Temple   | Became a worshipper of Uskayaw the Reveller
  4392 | D:6      | Reached * piety under Uskayaw
  4398 | D:6      | Reached ** piety under Uskayaw
  4696 | D:7      | Reached *** piety under Uskayaw
  4763 | D:7      | Found Mostreli's Magic Scroll Shoppe.
  4767 | D:7      | Noticed Pikel
  4797 | D:6      | Killed Pikel
  4798 | D:6      | Reached skill level 1 in Invocations
  4885 | D:7      | Bought a scroll of enchant weapon for 105 gold pieces
  4973 | D:7      | Reached skill level 8 in Long Blades
  5099 | D:7      | Found a runed translucent gate.
  5099 | D:7      | Found a runed translucent gate.
  5099 | D:7      | Found a runed translucent gate.
  5100 | D:7      | Noticed howech's ghost (novice MiGl)
  5323 | D:7      | Bought a scroll of teleportation for 42 gold pieces
  5722 | D:8      | Noticed a two-headed ogre
  5730 | D:8      | Killed a two-headed ogre
  5731 | D:8      | Reached skill level 5 in Armour
  5731 | D:8      | Reached XP level 10. HP: 26/53 MP: 8/12
  6073 | D:8      | Reached **** piety under Uskayaw
  6123 | D:8      | Found a shadowy altar of Dithmenos.
  6614 | D:9      | Reached skill level 9 in Long Blades
  7186 | D:9      | Noticed a two-headed ogre
  7211 | D:9      | Killed a two-headed ogre
  7343 | D:10     | Entered Level 10 of the Dungeon
  7351 | D:10     | Found a large runed translucent door.
  7351 | D:10     | Found a large runed translucent door.
  7374 | D:10     | Noticed a cyclops
  7383 | D:10     | Killed a cyclops
  7385 | D:10     | Noticed a brown ugly thing
  7387 | D:10     | Reached ***** piety under Uskayaw
  7389 | D:10     | Reached XP level 11. HP: 40/58 MP: 12/15
  7399 | D:10     | Reached ****** piety under Uskayaw
  7402 | D:10     | Killed a brown ugly thing
  7513 | D:10     | Found a transporter.
  7781 | D:10     | Found a large runed translucent door.
  7781 | D:10     | Found a large runed translucent door.
  7923 | D:10     | Noticed a boulder beetle
  7947 | D:10     | Killed a boulder beetle
  7948 | D:10     | Reached skill level 10 in Long Blades
  8002 | D:10     | Found a staircase to the Lair.
  8199 | D:10     | Reached skill level 5 in Invocations
  8430 | D:10     | Found a transporter.
  8430 | D:10     | Noticed hawla's ghost (novice DrCj)
  8656 | D:10     | Noticed a two-headed ogre
  8665 | D:10     | Noticed an orc knight
  8668 | D:10     | Killed a two-headed ogre
  9072 | D:10     | Found a staircase to the Orcish Mines.
  9158 | D:10     | Killed an orc knight
  9635 | D:11     | Noticed a two-headed ogre
  9688 | D:10     | Killed a two-headed ogre
  9689 | D:10     | Gained mutation: You heal very quickly. [Vine Stalker
                  | growth]
  9689 | D:10     | Reached XP level 12. HP: 11/64 MP: 6/17
  9972 | D:11     | Reached skill level 11 in Long Blades
 10417 | D:12     | Found a sacrificial altar of Ru.
 10587 | D:12     | Noticed Fannar
 10623 | D:12     | Killed Fannar
 10634 | D:12     | Noticed Nessos
 10652 | D:12     | Killed Nessos
 10700 | D:12     | You fall into a shaft and drop 2 floors!
 10704 | D:13     | Noticed a two-headed ogre
 10713 | D:13     | Killed a two-headed ogre
 10818 | D:13     | Noticed a boulder beetle
 10836 | D:13     | Killed a boulder beetle
 11036 | D:12     | Found a portal to a secret trove of treasure.
 11237 | D:12     | Noticed Snorg
 11253 | D:12     | Killed Snorg
 11456 | Lair:1   | Entered Level 1 of the Lair of Beasts
 11549 | Lair:1   | Noticed Maggie
 11558 | Lair:1   | Killed Maggie
 11595 | Lair:1   | Reached XP level 13. HP: 45/69 MP: 16/19
 11639 | Lair:1   | Reached skill level 12 in Long Blades
 13866 | D:14     | Noticed Kirke
 14006 | D:14     | Killed Kirke
 14177 | D:14     | Reached skill level 13 in Long Blades
 14187 | D:14     | Found a gate to the Vaults.
 14242 | D:14     | Reached XP level 14. HP: 75/75 MP: 21/21
 14350 | D:15     | Entered Level 15 of the Dungeon
 14591 | D:15     | Found Runaupuh's Armour Shop.
 15781 | D:15     | Found a staircase to the Depths.
 15830 | D:15     | Reached skill level 10 in Fighting
 16379 | Lair:2   | Noticed Gastronok
 16433 | Lair:2   | Killed Gastronok
 16434 | Lair:2   | Reached skill level 1 in Shields
 16729 | Lair:2   | Found a staircase to the Swamp.
 16863 | D:7      | Bought 2 scrolls of brand weapon for 560 gold pieces
 16863 | D:7      | Bought a scroll of enchant armour for 105 gold pieces
 16863 | D:7      | Bought a scroll of magic mapping for 49 gold pieces
 16863 | D:7      | Bought a scroll of magic mapping for 49 gold pieces
 16863 | D:7      | Bought a scroll of teleportation for 42 gold pieces
 17528 | Lair:3   | Reached skill level 14 in Long Blades
 17841 | Lair:3   | Reached XP level 15. HP: 63/81 MP: 23/23
 18330 | Lair:4   | Found a staircase to the Snake Pit.
 19325 | Lair:5   | Noticed Sonja
 19362 | Lair:5   | Killed Sonja
 19533 | Lair:5   | Reached skill level 10 in Invocations
 19610 | Lair:6   | Entered Level 6 of the Lair of Beasts
 19792 | Lair:6   | Found a staircase to the Slime Pits.
 19812 | Lair:6   | Found an ancient bone altar of Kikubaaqudgha.
 20246 | Lair:6   | Reached skill level 15 in Long Blades
 20433 | Lair:6   | Found a runed translucent door.
 20433 | Lair:6   | Noticed Nutum's ghost (journeyman OpTm)
 20579 | Lair:6   | Reached XP level 16. HP: 87/87 MP: 24/24
 21017 | Lair:6   | Killed Nutum's ghost
 21018 | Lair:6   | Reached skill level 10 in Dodging
 21260 | Orc:1    | Entered Level 1 of the Orcish Mines
 21611 | Orc:1    | Found Zubazu's Magic Scroll Boutique.
 21622 | Orc:1    | Bought a scroll of enchant weapon for 97 gold pieces
 21958 | Orc:1    | Found a roughly hewn altar of Beogh.
 22205 | Orc:2    | Entered Level 2 of the Orcish Mines
 22205 | Orc:2    | Found Meirujem's Weapon Shop.
 22291 | Orc:2    | Found Okhoank's Gadget Emporium.
 22327 | Orc:2    | Found Loedem's Antique Weapon Shop.
 22329 | Orc:2    | Found a staircase to the Elven Halls.
 23217 | Orc:2    | Found a shimmering altar of Xom.
 23486 | Orc:2    | Reached skill level 10 in Armour
 23507 | Orc:2    | Found Laasm's Armour Emporium.
 23510 | Orc:2    | Found Aminlu Dexet's Book Shoppe.
 23511 | Orc:2    | Found Difaan's Jewellery Emporium.
 23512 | Orc:2    | Found Deopex's Distillery.
 23523 | Orc:2    | Bought the amulet "Tuxoevo" {rF++ Regen+} for 872 gold
                  | pieces
 23537 | Orc:2    | Bought a potion of mutation for 88 gold pieces
 23537 | Orc:2    | Bought 2 potions of haste for 220 gold pieces
 23795 | Swamp:1  | Entered Level 1 of the Swamp
 24198 | Swamp:1  | Noticed Donald
 24224 | Swamp:1  | Killed Donald
 24650 | Swamp:2  | Found a frozen archway.
 24659 | IceCv    | Entered an ice cave
 24736 | IceCv    | Got a brightly glowing brass ring
 24739 | IceCv    | Identified the ring of Qoalapoha {+Fly rC+} (You found it
                  | in an ice cave)
 25287 | IceCv    | Noticed an Ice Fiend
 25463 | IceCv    | HP: 1/88 [Ice Fiend (12)]
 25463 | IceCv    | Demolished by an Ice Fiend

Illustrated notes

Levels and vault maps discovered:
D:1:      heliophobic_arrival_enchanted_forest, layout_rooms,
          columned_hall_lemuel
D:2:      layout_rooms, nrook_mini_vaults, corexii_hall_statues_deadend,
          kennysheep_generic_room_6
D:3:      layout_basic, ebering_ghost_gozag, uniq_jessica
D:4:      layout_rooms, ebering_ghost_rock_garden, interstate_on_off,
          kennysheep_generic_room_9
D:5:      cheibrodos_helix_gallery, layout_loops_ring, uniq_eustachio,
          uniq_menkaure
D:6:      hangedman_cross_stitches, layout_gridville,
          minmay_temple_entry_antechambers
D:7:      layout_cave_pools, gammafunk_ghost_split, serial_shops,
          nicolae_shop_crystal, minivault_23, hex_medium, uniq_pikel
D:8:      layout_cave_pods, kennysheep_mini_moat
D:9:      layout_irregular_city, the_bakery
D:10:     layout_stronghold, erik_lair_island, erik_orc_2, gammafunk_ghost_hive,
          minmay_hollow_rounded_squares
D:11:     layout_gridville
D:12:     layout_irregular_city, nicolae_trove_entry_columns,
          serial_column_ruins, column_ruins_open_large, column_ruins_grid_1,
          column_ruins_grid_1, column_ruins_open_small, nicolae_two_hexagons,
          nicolae_ru_awakened_eye, uniq_nessos, uniq_fannar, uniq_snorg
D:13:     layout_basic, kennysheep_generic_room_5
D:14:     layout_rooms, david_vaults_1, hangedman_decor_push, uniq_kirke
D:15:     grunt_enter_depths_magical_seal, layout_long_grid, serial_shops,
          nicolae_shop_statue_plus, minivault_26,
          hangedman_abyss_or_decor_stabs, lightli_fourway_metalbox
Temple:   roderic_octagonal_lattice_temple
Lair:1:   layout_roguey, lemuel_fruit_tree, uniq_maggie
Lair:2:   layout_long_grid, skrybe_swamp_entry_bodies, beast_lair_carwin_3,
          uniq_gastronok
Lair:3:   layout_misc_corridors, minmay_lair_oklob_chamber, lemuel_fruit_fields
Lair:4:   layout_regular_city, guppyfry_snake_entry_island,
          kennysheep_abandoned_house, grunt_megastairs_4
Lair:5:   layout_misc_corridors, uniq_sonja
Lair:6:   evilmike_catoblepas_cave, layout_cellular_growth,
          minmay_slime_entry_pillars, gammafunk_ghost_grave, st_stairs_11,
          lemuel_oklob_altar
Swamp:1:  layout_falls_marsh, evilmike_swamp_ruin_wall, uniq_donald
Swamp:2:  layout_basic_swamp, portal_ice_cave_entry_pillars_four,
          evilmike_swamp_ruin_house_1, nicolae_swamp_very_dense_foliage
Orc:1:    layout_caves, serial_shops, nicolae_shop_statue_plus,
          nicolae_orc_stony_grotto, nicolae_orc_bridge_out, minmay_orc_temple_a
Orc:2:    st_orc_pillars, layout_caves, basic_altar, serial_shops, shop, shop,
          shop
IceCv:    ice_cave_caverns_03

Skill      XL: |  1  2  3  4  5  6  7  8  9 10 11 12 13 14 15 16 |
---------------+-------------------------------------------------+-----
Fighting       | 2 3 4 5 6 7 8 9 10 11 | 11.7
Long Blades    | 3 4 5 7 8 9 10 11 13 14 15 | 15.8
Armour         | 1 2 4 5 6 7 8 9 10 | 10.1
Dodging        | 3 4 5 6 7 8 9 10 | 10.4
Invocations    | 2 4 5 7 8 9 10 11 | 11.1
Shields        | 3 4 |  4.5
Throwing       | |  1.7

Action                   |  1- 3 |  4- 6 |  7- 9 | 10-12 | 13-15 | 16-18 || total
-------------------------+-------+-------+-------+-------+-------+-------++-------
Melee: Long sword        |    93 |   128 |   376 |   470 |       |       ||  1067
       Bite              |    20 |    47 |   160 |   296 |   542 |   211 ||  1276
       Falchion          |       |       |       |    27 |       |       ||    27
       Double sword      |       |       |       |   201 |  1195 |   580 ||  1976
Invok: Line Pass         |       |       |       |     1 |     1 |     1 ||     3
       Stomp             |       |       |       |       |     6 |     2 ||     8
       Grand Finale      |       |       |       |       |     1 |       ||     1
 Abil: Evoke Flight      |       |       |       |       |       |     2 ||     2
       Stop Flying       |       |       |       |       |       |     1 ||     1
Evoke: Wand              |       |       |       |     5 |    11 |     1 ||    17
  Use: Scroll            |       |     6 |     6 |    12 |    13 |     6 ||    43
       Potion            |       |       |       |       |       |     3 ||     3
 Stab: Paralysed         |       |       |     3 |    43 |    90 |    41 ||   177
       Confused          |       |       |       |       |       |     2 ||     2
Armor: Leather armour    |    15 |       |       |       |       |       ||    15
       Chain mail        |    54 |   102 |       |    13 |   548 |   165 ||   882
       Ring mail         |       |     1 |   142 |   221 |       |       ||   364
Dodge: Dodged            |    51 |    70 |   246 |   481 |   598 |   215 ||  1661
Block: Buckler           |       |       |       |       |   130 |    72 ||   202
       Kite shield       |       |       |       |       |       |    43 ||    43
       Rpst.: Long sword |    15 |    33 |    75 |    93 |       |       ||   216
       Double sword      |       |       |       |    39 |   142 |    59 ||   240
       Falchion          |       |       |       |     3 |       |       ||     3
